 Dungeon Crawl Stone Soup version 0.32-a0-841-g4648e6c (webtiles) character file.

Game seed: 4354965612446648609

75 Dorkslayer the Shield-Bearer (level 4, -2/46 HPs)
             Began as an Octopode Fighter on Mar 26, 2024.
             Slain by a gnoll
             ... wielding a +0 club
              (4 damage)
             ... on level 2 of the Dungeon.
             The game lasted 00:01:24 (689 turns).

Dorkslayer the Shield-Bearer (Octopode Fighter)      Turns: 689, Time: 00:01:24

Health: -2/46      AC: 22    Str: 17    XL:     4   Next: 31%
Magic:  4/4        EV:  2    Int: 10    God:
Gold:   90         SH:  4    Dex: 11    Spells: 3/3 levels left

rFire   . . .        a - +0 war axe
rCold   . . .        b - +0 buckler
rNeg    . . .        (helmet currently unavailable)
rPois   +            (no amulet)
rElec   .            e - ring of willpower
rCorr   .            (no ring)
SInv    .            (no ring)
Will    +....        (no ring)
Stlth   ++           (no ring)
HPRegen 0.27/turn    (no ring)
MPRegen 0.09/turn    (no ring)
                     (no ring)

%: no passive effects
@: tree-form
A: stationary, stasis, torment immunity, boosted hp, almost no armour,
(amphibious), 8 rings, (camouflage 1), (gelatinous body 1), (nimble swimmer 1),
(tentacles)
a: no special abilities


You were on level 2 of the Dungeon.
You were a tree.
You visited 1 branch of the dungeon, and saw 2 of its levels.

You collected 90 gold pieces.

Inventory:

Hand Weapons
 a - a +0 war axe (weapon)
Armour
 b - a +0 buckler (worn)
Jewellery
 e - a ring of willpower (left branch)
Scrolls
 d - 2 scrolls of teleportation {unknown}
 f - a scroll of enchant weapon {unknown}
 g - 2 scrolls of fear {unknown}
 i - 2 scrolls of identify {unknown}
 j - a scroll of enchant armour {unknown}
Potions
 c - a potion of might


   Skills:
 + Level 3.4 Fighting
 + Level 2.7 Axes
 + Level 3.2 Dodging
 + Level 2.6 Stealth
 + Level 3.5 Shields


You had 3 spell levels left.
You didn't know any spells.
Your spell library contained the following spells:

 Spells                   Type           Power      Damage    Failure   Level
 Blink                    Tloc           0%         N/A       58%         2
 Lesser Beckoning         Tloc           0%         N/A       58%         2
 Momentum Strike          Conj/Tloc      0%         3d8       58%         2
 Passwall                 Erth           0%         N/A       82%         3
 Volatile Blastmotes      Fire/Tloc      0%         2d10      82%         3
 Bombard                  Conj/Erth      0%         9d1       100%        6


Dungeon Overview and Level Annotations

Branches:
Dungeon (2/15)

Altars:


Innate Abilities, Weirdness & Mutations

You are a tree.
Your roots penetrate the ground, keeping you stationary.
You cannot be teleported.
You are immune to unholy pain and torment.
Your maximum health is greatly increased.
You cannot wear most types of armour.
((You are amphibious.))
You can wear up to eight rings at the same time.
((Your skin changes colour to match your surroundings (Stealth+).))
((Your rubbery body absorbs attacks. (AC +1, EV +1)))
((You are camouflaged when in or above water. (Stealth+)))
((You have tentacles for arms and can constrict up to eight enemies at once.))


Message History

You barely miss the gnoll.
The adder hisses angrily.
You grab the gnoll. You squeeze the gnoll!
The gnoll is heavily wounded.
You constrict the gnoll. The gnoll closely misses you.
You release your grip on the gnoll.
Found a stone staircase leading down.
The gnoll hits you with a +0 club!
You hit the gnoll but do no damage. You grab the gnoll.
You barely miss the gnoll. You constrict the gnoll.
The gnoll barely misses you. x3; The gnoll hits you with a +0 club.
You hit the gnoll.
The gnoll is heavily wounded.
You closely miss the adder. You barely miss the gnoll. You constrict the gnoll!
You kill the gnoll!
A giant cockroach comes into view.
The adder barely misses you. x2; The gnoll misses you.
Your Stealth skill increases to level 2!
You miss the adder. You grab the adder. You hit the gnoll.
You hit the gnoll but do no damage. You constrict the adder.
The adder bites you.
* * * LOW HITPOINT WARNING * * *
The gnoll barely misses you. x2; The adder misses you.
You hit the adder. You squeeze the adder.
You kill the adder!
You slash the gnoll!
You kill the gnoll!
You slash the gnoll! The gnoll misses you. You block the gnoll's attack.
The gnoll hits you with a +0 club.
* * * LOW HITPOINT WARNING * * *
You have reached level 4!
You hit the gnoll but do no damage. You grab the gnoll.
You hit the gnoll but do no damage. You constrict the gnoll.
The gnoll hits you with a +0 club.
* * * LOW HITPOINT WARNING * * *
The gnoll closely misses you.
Unknown command.
It was a potion of lignification.
You turn into a tree.
Your roots penetrate the ground.
You lose your grip on the gnoll.
The gnoll barely misses you. The gnoll hits you with a +0 club.
You die...

## # .... .#
>....#########.####
#.Bg♣...........
#..g).....#.#
#########.#.####.
...............
###...#.#.#.##..
##...#.#....#..
#.........#....
#....<†#....#.
#..#.##....##


You could see 2 gnolls and a giant cockroach.

Vanquished Creatures
  2 gnolls (D:2)
  2 adders (D:2)
  3 dart slugs (D:1)
  5 endoplasms
  A giant cockroach (D:1)
  A goblin (D:1)
  2 hobgoblins (D:1)
  3 jackals (D:1)
  3 quokkas (D:1)
  2 bats (D:1)
  2 frilled lizards (D:1)
  5 rats (D:1)
31 creatures vanquished.

Notes
Turn   | Place    | Note
-------+----------+-------------------------------------------
     0 | D:1      | Dorkslayer the Octopode Fighter began the quest for the
                  | Orb.
     0 | D:1      | Reached XP level 1. HP: 16/16 MP: 1/1
    91 | D:1      | Reached XP level 2. HP: 18/21 MP: 2/2
   339 | D:1      | Reached skill level 1 in Stealth
   378 | D:1      | Reached XP level 3. HP: 25/26 MP: 3/3
   688 | D:2      | Reached XP level 4. HP: 4/31 MP: 4/4
   688 | D:2      | HP: 1/31 [gnoll/+0 club (3)]
   689 | D:2      | Slain by a gnoll

Illustrated notes

Levels and vault maps discovered:
D:1:      minmay_arrival_cross, layout_basic
D:2:      layout_loops_ring

Skill      XL: |  1  2  3 |
---------------+----------+-----
Stealth        | 1 2 |  2.6
Fighting       | |  3.4
Axes           | |  2.7
Dodging        | |  3.2
Shields        | |  3.5

Action                     |  1- 3 |  4- 6 || total
---------------------------+-------+-------++-------
  Melee: War axe           |    47 |     1 ||    48
         Tentacles         |     9 |       ||     9
         Constrict         |    10 |     1 ||    11
    Use: Potion            |       |     1 ||     1
   Stab: Sleeping          |     9 |       ||     9
 Armour: Skin              |    24 |     2 ||    26
  Dodge: Dodged            |    39 |     2 ||    41
  Block: Buckler           |     6 |       ||     6

Table legend: (Time is in decaauts)
 A = Elapsed time spent in this place.
 B = Non-inter-level travel time spent in this place.
 C = Inter-level travel time spent in this place.
 D = Time resting spent in this place.
 E = Time spent auto-exploring this place.
 F = Levels seen in this place.
 G = Mean time per level.
                   A        B        C        D        E       F      G
               +--------+--------+--------+--------+--------+-----+--------+
         Total |    709 |    709 |      0 |      0 |    374 |   2 |  354.5 |
       Dungeon |    709 |    709 |      0 |      0 |    374 |   2 |  354.5 |
               +--------+--------+--------+--------+--------+-----+--------+

Top non-repeatable levels by time:
     D:1: 678 daAuts
     D:2: 30 daAuts
